[Event "Tata Steel India Women Rapid 2024"]
[Site "Kolkata"]
[Date "2024.11.13"]
[Round "3.1"]
[White "Vaishali, Rameshbabu"]
[Black "Kosteniuk, Alexandra"]
[Result "1/2-1/2"]
[ECO "B13"]
[WhiteElo "2490"]
[BlackElo "2487"]
[Annotator "TA"]
[PlyCount "71"]
[EventDate "2024.11.06"]
[EventType "tourn"]
[EventCountry "IND"]
[SourceTitle "playchess.com"]
[Source "ChessBase"]
[SourceQuality "1"]
[TimeControl "1500+10"]

1. e4 c6 2. d4 d5 3. exd5 cxd5 4. Bd3 Nc6 5. c3 Nf6 6. Bf4 Bg4 7. Qb3 Qd7 8. Nd2 e6 9. Ngf3 Bd6 10. Bxd6 Qxd6 11. O-O O-O 12. Rfe1 Ne7 13. Nh4 {[%emt 0:00:05] White has an edge.} (13. Qxb7 Rfb8 14. Qa6 Qxa6 15. Bxa6 Rxb2 $16) 13... Rab8 14. a4 Bh5 15. Qc2 Ng6 16. Nxg6 Bxg6 17. Bxg6 hxg6 18. Re3 a5 (18... Ng4 {with more complications.} 19. Rh3 Rfe8 20. Qd1 Qf4) 19. Nf3 b5 20. axb5 Rxb5 21. Ne5 Nd7 22. Nd3 Rfb8 23. h4 Nf6 (23... Nb6 $11) 24. Ra2 Qc7 {[%emt 0:02:56] The position is equal.} 25. g3 Ne4 26. Kg2 Nd6 27. Re2 Nc4 28. Qc1 Qd8 29. Ne5 Nxe5 30. Rxe5 Qb6 31. Re2 Qc7 {[%emt 0:00:25] [#] ...Qc4 would now be deadly.} 32. Qd1 Qc4 33. Ra4 Qc7 34. Ra2 Qc4 35. Ra4 Qc7 36. Ra2 {[%emt 0:00:03] Weighted Error Value: White=0.04 (flawless) /Black=0.03 (flawless) .  Mistake:       	---       	Black=1      Inaccurate:     	White=1     	---        OK:         	White=6     	Black=11} 1/2-1/2

[Event "Tata Steel India Women Rapid 2024"]
[Site "Kolkata"]
[Date "2024.11.13"]
[Round "3.2"]
[White "Koneru, Humpy"]
[Black "Divya Deshmukh"]
[Result "1/2-1/2"]
[ECO "A17"]
[WhiteElo "2530"]
[BlackElo "2493"]
[Annotator "TA"]
[PlyCount "71"]
[EventDate "2024.11.06"]
[EventType "tourn"]
[EventCountry "IND"]
[SourceTitle "playchess.com"]
[Source "ChessBase"]
[SourceQuality "1"]
[TimeControl "1500+10"]

1. Nf3 d5 2. e3 Nf6 3. c4 e6 4. Nc3 Bd6 5. b3 O-O 6. Bb2 Nc6 7. d4 dxc4 8. Bxc4 {[%emt 0:01:07] White has an edge.} e5 9. dxe5 Nxe5 10. Nxe5 Bxe5 11. Qxd8 Rxd8 12. Ke2 Bd7 13. Rad1 {[%emt 0:00:58] [#]} b5 $1 14. Bd3 (14. Rxd7 Nxd7) 14... b4 $1 15. Na4 Bxb2 16. Nxb2 Nd5 $1 {[%emt 0:00:01] aiming for ...Nc3+.} 17. Ra1 Nc3+ 18. Kd2 $1 a5 19. Kc2 a4 (19... Ra7 $15 {feels stronger.} 20. a4 Be6) 20. f3 (20. a3 $11) 20... Ra7 (20... a3 $17 21. Nd1 Bb5 22. Bxb5 Nxb5) 21. Bc4 Rda8 (21... c5 $17 22. Rhf1 g5) 22. Nd3 $11 axb3+ 23. Bxb3 Nxa2 (23... c5 $5) 24. Nc5 Bb5 25. Rhd1 g6 26. Rd4 {[%emt 0:00:30] [#] Hoping for Kb2.} c6 (26... Ra3 $11) 27. Kb2 $16 {[%emt 0:00:02] White has more active pieces.} Nc3 28. Rxa7 Rxa7 29. Rxb4 Ne2 30. Bc4 (30. Ba4 $14) 30... Bxc4 31. Rxc4 $11 {[%emt 0:00:02] Rc2 is the strong threat. KRN-KRN} Re7 $1 32. Re4 Ra7 33. Rc4 {[%emt 0:00:12] Rc2 would now be deadly.} Re7 $1 34. Re4 Ra7 35. Rc4 {[%emt 0:00:16] And now Rc2 would win.} Re7 $1 36. Re4 {[%emt 0:00:01] Weighted Error Value: White=0.21 (precise) /Black=0.17 (very precise) .  Mistake:       	White=2     	Black=4      Inaccurate:     	White=4     	Black=2      OK:         	White=11    	Black=7      Best:        	White=1     	Black=1      Strong:       	White=1     	Black=5} 1/2-1/2

[Event "Tata Steel India Women Rapid 2024"]
[Site "Kolkata"]
[Date "2024.11.13"]
[Round "3.3"]
[White "Lagno, Kateryna"]
[Black "Gunina, Valentina"]
[Result "1-0"]
[ECO "B30"]
[WhiteElo "2527"]
[BlackElo "2425"]
[Annotator "RC"]
[PlyCount "97"]
[EventDate "2024.11.06"]
[EventType "tourn"]
[EventCountry "IND"]
[SourceTitle "playchess.com"]
[Source "ChessBase"]
[SourceQuality "1"]
[TimeControl "1500+10"]

1. e4 c5 2. Nf3 Nc6 3. Bb5 e6 4. Bxc6 bxc6 5. e5 d6 6. exd6 Bxd6 7. d3 Ne7 8. Nbd2 f6 9. Ne4 e5 10. Nfd2 O-O 11. Nxd6 Qxd6 12. Ne4 Qd8 13. O-O f5 14. Nxc5 Qd5 15. b4 f4 16. Qh5 f3 17. c4 Qd6 18. Re1 Ng6 19. Ne4 Qxd3 20. Ng5 h6 21. Nxf3 e4 22. Qxg6 Bf5 23. Qg3 exf3 24. Bxh6 Rf7 25. Re3 Qd4 26. Rae1 fxg2 27. Qxg2 Kh7 28. Bg5 Qxc4 29. a3 a5 30. bxa5 Rxa5 31. Qg3 Ra4 32. h3 Bg6 33. Re7 Qd5 34. Rxf7 Bxf7 35. Bf4 Qh5 36. Re5 Qd1+ 37. Kh2 Ra7 38. Be3 Rb7 39. Rg5 Bd5 40. Qh4+ Kg8 41. Rg1 Qf3 42. Qg4 Qf8 43. h4 Rf7 44. h5 Qxa3 45. h6 Qd6+ 46. Rg3 Qb8 47. hxg7 Bf3 48. Qe6 Bh5 49. Qh6 1-0

[Event "Tata Steel India Women Rapid 2024"]
[Site "Kolkata"]
[Date "2024.11.13"]
[Round "3.4"]
[White "Vantika Agrawal"]
[Black "Dzagnidze, Nana"]
[Result "1/2-1/2"]
[ECO "D37"]
[WhiteElo "2392"]
[BlackElo "2518"]
[Annotator "TA"]
[PlyCount "75"]
[EventDate "2024.11.06"]
[EventType "tourn"]
[EventCountry "IND"]
[SourceTitle "playchess.com"]
[Source "ChessBase"]
[SourceQuality "1"]
[TimeControl "1500+10"]

1. d4 Nf6 2. c4 e6 3. Nf3 d5 4. Nc3 h6 5. Bf4 dxc4 6. e3 Bd6 7. Bxd6 (7. Ne5 {looks sharper.} Nd5 8. Qg4 Nxf4 9. exf4 O-O 10. Rd1) 7... cxd6 8. Bxc4 O-O 9. O-O a6 10. a4 d5 11. Bd3 b6 12. Ne5 Bb7 {[%emt 0:00:03] [#]} 13. a5 $1 Nbd7 (13... Nc6 14. Nxc6) 14. Nxd7 Nxd7 15. Qb3 Rb8 16. axb6 Qxb6 17. Qa3 Rfc8 18. Na4 (18. Bxa6 $2 {loses.} Ra8 19. Bxb7 Rxa3 20. Bxc8 Rxa1 (20... Qxb2 21. Rxa3 Qxa3 22. Nxd5 $15) 21. Rxa1 Nb8 $19 (21... Qxb2 22. Rb1 $17)) 18... Qd8 19. b4 Ra8 20. Nc5 Nxc5 21. bxc5 a5 22. Rfb1 Bc6 23. Bb5 a4 24. Bxc6 Rxc6 25. Qb4 $36 {[%emt 0:00:53][%mdl 2048] White has the initiative.} Rca6 26. Ra3 R6a7 27. Qb6 Qg5 28. h3 Qe7 29. Rb4 g6 (29... Qe8 $14) 30. Qb5 $18 Ra5 31. Qb7 ({Only move:} 31. Raxa4 $18 Qd8 (31... Rxb5 $2 32. Rxa8+ Kg7 33. Rxb5 $18) 32. Rxa5 Qxa5 33. Kh2 (33. Qxa5 Rxa5 34. Kf1 Ra8 $18) 33... Qxb5 34. Rxb5) 31... Qd8 $14 32. c6 (32. g3 $14) 32... Qc8 (32... Qf8 $11) 33. c7 {[%emt 0:00:16] White has more active pieces.} (33. Raxa4 $14 Rxa4 34. Rxa4) 33... R5a7 $11 {[%emt 0:00:03][%cal Ba5a7,Ba7c7,Bc7c8][%mdl 32] The position is equal.} 34. Qxc8+ Rxc8 35. Rbxa4 Raxc7 36. Ra8 Kg7 37. Rxc8 Rxc8 38. g3 {[%emt 0:00:04] Weighted Error Value: White=0.13 (very precise) /Black=0.13 (very precise) .  Mistake:       	White=3     	Black=2      Inaccurate:     	---       	Black=2      OK:         	White=14    	Black=11     Best:        	White=2     	Black=1} 1/2-1/2

[Event "Tata Steel India Women Rapid 2024"]
[Site "Kolkata"]
[Date "2024.11.13"]
[Round "3.5"]
[White "Goryachkina, Aleksandra"]
[Black "Dronavalli, Harika"]
[Result "1/2-1/2"]
[ECO "C06"]
[WhiteElo "2528"]
[BlackElo "2493"]
[Annotator "TA"]
[PlyCount "134"]
[EventDate "2024.11.06"]
[EventType "tourn"]
[EventCountry "IND"]
[SourceTitle "playchess.com"]
[Source "ChessBase"]
[SourceQuality "1"]
[TimeControl "1500+10"]

1. e4 e6 2. d4 d5 3. Nd2 Nf6 4. e5 Nfd7 5. Bd3 c5 6. c3 Nc6 7. Ne2 cxd4 8. cxd4 f6 9. exf6 Nxf6 10. Nf3 Bd6 11. O-O Qc7 12. Qc2 O-O 13. Bg5 h6 14. Bh4 {[%emt 0:00:00] The position is equal.} e5 15. dxe5 Nxe5 16. Nxe5 Qxc2 17. Bxc2 Bxe5 18. Rab1 Bd7 19. Rfe1 Rac8 20. Bg6 Rc6 21. Bd3 Ne4 22. Bxe4 dxe4 23. Bg3 Bf6 24. Nc3 Bxc3 25. bxc3 b6 26. Rbd1 Bg4 27. Rd4 Bf5 28. Ra4 Rf7 29. Be5 Rd7 30. h3 h5 31. Bd4 Kh7 32. Rb4 Rd5 {[%emt 0:00:00] Inhibits Rb5.} 33. a4 Rg6 34. Kh2 Ra5 35. Rb5 Rxb5 36. axb5 $11 {[%emt 0:00:00][%mdl 4096] Endgame. KRB-KRB} Rd6 37. g4 hxg4 38. hxg4 Bxg4 39. Rxe4 Bf5 40. Re5 Kg6 41. Kg3 Rd7 42. Kf4 Bd3 43. Ke3 Bc4 44. f4 Kf7 45. Rg5 g6 46. f5 gxf5 47. Rxf5+ Ke6 48. Rf6+ Ke7 49. Rh6 Bxb5 50. Rh7+ Ke6 51. Rxd7 Kxd7 $15 {[%emt 0:00:01] KB-KB} 52. Kd2 Bc4 53. Kc2 Kc6 54. Kb2 a5 55. Ka3 b5 56. Bf6 Kd5 57. Bd8 a4 58. Be7 Ke4 59. Kb2 Kd3 60. Bd6 {[%emt 0:00:02] [#]} (60. Ka3 $1 $11) 60... Bb3 (60... Be6 $1 $17) 61. Be7 (61. c4 $1 $11 {remains equal.}) 61... Kc4 $17 62. Bf8 {[%emt 0:00:02] [#]} Bd1 $1 63. Be7 Be2 64. Bf8 Bd3 65. Be7 Be2 66. Bf8 $1 Bd3 67. Be7 $1 Be2 {[%emt 0:00:00] Weighted Error Value: White=0.05 (flawless) /Black=0.04 (flawless) .  Mistake:       	White=2     	Black=2      Inaccurate:     	White=1     	Black=1      OK:         	White=14    	Black=27     Best:        	---       	Black=1      Strong:       	White=2     	Black=1} ({Better is} 67... Bf5 $17) 1/2-1/2

[Event "Tata Steel India Women Rapid 2024"]
[Site "Kolkata"]
[Date "2024.11.14"]
[Round "4.1"]
[White "Dronavalli, Harika"]
[Black "Divya Deshmukh"]
[Result "1-0"]
[ECO "A47"]
[WhiteElo "2493"]
[BlackElo "2493"]
[Annotator "TA"]
[PlyCount "103"]
[EventDate "2024.11.06"]
[EventType "tourn"]
[EventCountry "IND"]
[SourceTitle "playchess.com"]
[Source "ChessBase"]
[SourceQuality "1"]
[TimeControl "1500+10"]

1. d4 Nf6 2. Nf3 e6 3. e3 b6 4. Bd3 Bb7 5. O-O c5 6. b3 Nc6 7. a3 d5 8. Bb2 Bd6 9. Ne5 {[%emt 0:01:30] The position is equal.} O-O 10. Nd2 Qc7 11. f4 Ne7 12. Qe2 Ne4 13. c4 (13. dxc5 $5 Nxc5 14. b4 Nxd3 15. cxd3 $17) 13... f6 (13... Nxd2 $15 14. Qxd2 cxd4) 14. cxd5 (14. Rac1 $5) 14... exd5 (14... Nxd2 $11 15. Qxd2 Nxd5) 15. Nxe4 $14 dxe4 16. Bc4+ Nd5 {[%emt 0:00:46] [#]} ({Black should try} 16... Bd5 $1 $14) 17. Rfd1 {[%emt 0:00:53] White is more active.} Rad8 18. dxc5 Bxc5 19. Ng4 (19. b4 $5 fxe5 20. Bxd5+ (20. bxc5 exf4 21. exf4 Qxc5+ 22. Bd4 Qe7 $11) 20... Rxd5 (20... Bxd5 21. Bxe5 Qe7 22. bxc5 $16) 21. Bxe5 Bxe3+ 22. Qxe3 $11) 19... b5 (19... Qxf4 20. b4 f5 21. bxc5 Qxg4 22. Qxg4 fxg4 23. cxb6 axb6 24. Rd4) 20. Bxd5+ Rxd5 21. b4 (21. Rxd5 $11 Bxd5 22. Rc1) 21... Bb6 $1 $15 {[%emt 0:00:27] This pair of bishops is nice.} 22. Rxd5 Bxd5 23. Rc1 (23. Nf2 $17 {keeps fighting.}) 23... Qxf4 ({Better is} 23... Bc4 $19 24. Qf2 h5 25. Nxf6+ gxf6) 24. Rf1 $2 (24. Qxb5 $17 Bxe3+ (24... Be6 25. Qxb6 axb6 26. exf4 $14) 25. Nxe3 Qxe3+ 26. Kf1 Qf4+ 27. Kg1) 24... Qg5 $19 {[%emt 0:00:47] Hoping for ...Bc4.} 25. Qxb5 Bxe3+ (25... Rd8 $142 26. Qe2 Be6 (26... f5 $2 27. Bf6 $19) 27. Bxf6 gxf6 (27... Qxg4 28. Qxg4 Bxg4 29. Bxd8 $14) (27... Bxg4 28. Bxg5 Bxe2 29. Bxd8 $11) 28. Nxf6+ Kh8) 26. Nxe3 Qxe3+ 27. Kh1 Qb3 {[%emt 0:00:06][%cal Od5c4] aiming for ...Bc4!} 28. Re1 e3 {[%emt 0:02:33] ...Bxg2+ would now be deadly.} 29. Bd4 Bc4 $40 {[%emt 0:00:01][%mdl 128] White is in trouble.} 30. Qc5 e2 31. Qxa7 Qd1 {[%emt 0:01:54] White is weak on the light squares} 32. Bf2 Rd8 33. Qe3 Qc2 (33... h6 $17) 34. h3 $11 h6 35. Kh2 (35. b5 $1 $11) 35... Rd1 $1 $17 36. Qe8+ (36. Qf3 $17 {was called for.}) 36... Kh7 $19 {[%emt 0:00:01] Strongly threatening ...Qb1.} 37. Qe3 Qb1 38. Qc3 Qe4 {[%emt 0:00:02] And now ...Rd3 would win.} 39. Qf3 Qe5+ 40. Qg3 {[%emt 0:00:01] [#]} Qa1 41. h4 (41. b5 $142) 41... Bd3 $4 (41... f5 $19 {and all is fine. White must now prevent ...Bf7.} 42. h5 Bf7) 42. h5 $4 (42. Qxd3+ $1 $18 {is the narrow road to win.} Rxd3 43. Rxa1) 42... Qa2 43. Qf3 Qd2 (43... Qxa3 $6 44. Rxe2 (44. Rxd1 exd1=N 45. Qxd1 Qc3 $15) 44... Qa6 (44... Qxb4 45. Re8 $11) 45. Re5 $11) 44. Qg3 Be4 (44... Qc2 $17 45. Qh4 Qb3 46. Rxe2 Bxe2 47. Qe4+ Kh8 48. Qxe2 Ra1) 45. b5 (45. Qg4 $1 $11 Bd3 46. Qf3) 45... Qd5 $17 46. Qg4 Qe5+ 47. Kg1 (47. Bg3 $2 Rxe1 48. Bxe5 Rh1+ 49. Kxh1 e1=Q+ (49... e1=B 50. Qxe4+ Kg8 51. b6 Bf2 52. b7 Ba7 53. Bd4 Kf8 54. Bxa7 Kf7 55. Qd5+ Kf8 56. b8=Q+ Ke7 57. Qbd8#) 50. Kh2 fxe5 $19) 47... Bc2 (47... Bf5 $17 48. Qf3 Rxe1+ (48... Qxb5 49. Rxd1 exd1=N 50. Qxd1 $17) 49. Bxe1 Qxb5 (49... Qc5+ 50. Kh1 $17)) 48. b6 {[%emt 0:00:12] [#] Threatens to win with b7.} Qb5 (48... Rxe1+ $1 $17 49. Bxe1 Qc5+ 50. Kh1 Qxb6 (50... Qxa3 $2 {too greedy.} 51. b7 $18)) 49. b7 Rd2 $2 (49... Rxe1+ $17 50. Bxe1 Qxb7 51. Qxe2 Be4) 50. Qb4 {[%emt 0:00:06] White is clearly winning.} Qxb4 51. axb4 Rd8 52. Bg3 {[%emt 0:00:02] Quite a comeback for White.   Weighted Error Value: White=0.46/Black=0.44.  Loses game:     	White=2     	Black=1      Missed win:     	White=1     	Black=1      Mistake:       	White=7     	Black=9      Inaccurate:     	White=5     	---        OK:         	White=13    	Black=7      Best:        	White=4     	Black=4      Strong:       	---       	Black=2} 1-0

[Event "Tata Steel India Women Rapid 2024"]
[Site "Kolkata"]
[Date "2024.11.14"]
[Round "4.2"]
[White "Goryachkina, Aleksandra"]
[Black "Vantika Agrawal"]
[Result "1-0"]
[ECO "C07"]
[WhiteElo "2528"]
[BlackElo "2392"]
[Annotator "RC"]
[PlyCount "126"]
[EventDate "2024.11.06"]
[EventType "tourn"]
[EventCountry "IND"]
[SourceTitle "playchess.com"]
[Source "ChessBase"]
[SourceQuality "1"]
[TimeControl "1500+10"]

1. e4 e6 2. d4 d5 3. Nd2 c5 4. exd5 Qxd5 5. Ngf3 cxd4 6. Bc4 Qd6 7. O-O Nf6 8. Nb3 Nc6 9. Nbxd4 Nxd4 10. Nxd4 Be7 11. c3 O-O 12. Qf3 e5 13. Nf5 Bxf5 14. Qxf5 Qc7 15. Bb3 a5 16. Bg5 g6 17. Qf3 Kg7 18. Rfe1 a4 19. Bc2 Ra6 20. Rad1 h6 21. Bh4 Re8 22. Bd3 Re6 23. Bb5 e4 24. Qe2 Ra8 25. Qc4 Qxc4 26. Bxc4 Rb6 27. Re2 Rc8 28. b3 axb3 29. axb3 Rd6 30. Rde1 b5 31. Bxb5 Rxc3 32. Bc4 Rd7 33. Bxf6+ Bxf6 34. Rxe4 Rc2 35. g3 Rdd2 36. R1e2 Rxe2 37. Bxe2 Bc3 38. Bc4 Bf6 39. Rf4 Rd2 40. Kg2 Rd4 41. Rf3 h5 42. h3 Re4 43. Kf1 Rd4 44. Re3 Bd8 45. Ke2 Rd6 46. f4 h4 47. g4 Rf6 48. Re4 Bc7 49. Kf3 Bd6 50. g5 Rf5 51. Kg4 Kf8 52. Rd4 Ke7 53. Bd3 Rc5 54. Kxh4 Rc3 55. Bc4 Bc5 56. Rd3 Rc2 57. Kg4 Rg2+ 58. Kf3 Rf2+ 59. Kg3 Rb2 60. Rd5 Bd6 61. h4 Rc2 62. Rb5 Rc3+ 63. Kg4 f5+ 1-0

[Event "Tata Steel India Women Rapid 2024"]
[Site "Kolkata"]
[Date "2024.11.14"]
[Round "4.3"]
[White "Gunina, Valentina"]
[Black "Koneru, Humpy"]
[Result "1-0"]
[ECO "D37"]
[WhiteElo "2425"]
[BlackElo "2530"]
[Annotator "TA"]
[PlyCount "85"]
[EventDate "2024.11.06"]
[EventType "tourn"]
[EventCountry "IND"]
[SourceTitle "playchess.com"]
[Source "ChessBase"]
[SourceQuality "1"]
[TimeControl "1500+10"]

1. d4 Nf6 2. c4 e6 3. Nf3 d5 4. Nc3 Be7 5. Bf4 O-O 6. e3 b6 7. Bd3 Ba6 8. cxd5 Nxd5 9. Nxd5 Qxd5 {[%emt 0:00:07] The position is equal.} 10. O-O Bxd3 11. Qxd3 Rc8 12. a3 Nd7 13. e4 (13. Rac1 $11 {keeps the balance.}) 13... Nc5 $17 14. exd5 Nxd3 15. Bg3 exd5 16. Rab1 g5 (16... c5 $17 {Threatens to win with ...c4.} 17. dxc5 bxc5) 17. h4 (17. Rfd1 $11 Nf4 18. Bxf4 gxf4 19. Rbc1) 17... h6 18. Rfd1 Nf4 19. Re1 Bf6 20. hxg5 hxg5 21. Ne5 (21. Bxf4 $15 gxf4 22. g3) 21... c5 22. dxc5 bxc5 ({Much worse is} 22... Rxc5 $6 23. Nd7 Rc6 24. Nxf6+ Rxf6 25. Re5 $11) 23. Rbd1 (23. Nd7 $142 Bh8 24. Bxf4 gxf4 25. Rbd1) 23... Rd8 24. Bxf4 gxf4 25. b3 Rac8 26. Nd3 (26. Rd3 $17 {was necessary.}) 26... Bc3 (26... c4 $19 27. bxc4 dxc4 28. Nxf4 c3 29. Rxd8+ Rxd8) 27. Rf1 c4 ({Black should try} 27... d4 $17 {White must now prevent ...a5.} 28. a4 c4 29. bxc4 Rxc4) 28. Nxf4 $11 d4 29. bxc4 Rxc4 30. Rd3 Ra4 31. Rb1 Rxa3 32. Rb7 Rd6 33. Rb8+ Kh7 34. g4 Ra5 35. Rh3+ Rh6 36. Nh5 d3 37. Rxd3 Rc5 (37... Rg6 $11 {remains equal.}) 38. Rb7 $16 {[%emt 0:00:18][%csl LRa7,LRf7] White is more active.} Rg6 39. Rxf7+ Kg8 40. Rxa7 ({White must play} 40. Rf4 $16) 40... Rxg4+ $11 41. Kf1 Kh8 $2 {[%emt 0:00:12][%mdl 8192] [#]} (41... Bd4 $11) 42. Rh3 $1 $18 {[%emt 0:00:15] White threatens Nf6+ and mate.} Kg8 {[%emt 0:00:19] [#]} 43. Rxc3 $1 {[%emt 0:00:02][%mdl 512] Quite a comeback for White.   Weighted Error Value: White=0.20 (precise) /Black=0.32.  Loses game:     	---       	Black=1      Mistake:       	White=6     	Black=4      Inaccurate:     	White=2     	Black=4      OK:         	White=17    	Black=7      Best:        	White=3     	Black=4      Strong:       	White=1     	---} 1-0

[Event "Tata Steel India Women Rapid 2024"]
[Site "Kolkata"]
[Date "2024.11.14"]
[Round "4.4"]
[White "Kosteniuk, Alexandra"]
[Black "Lagno, Kateryna"]
[Result "1/2-1/2"]
[ECO "A07"]
[WhiteElo "2487"]
[BlackElo "2527"]
[Annotator "TA"]
[PlyCount "51"]
[EventDate "2024.11.06"]
[EventType "tourn"]
[EventCountry "IND"]
[SourceTitle "playchess.com"]
[Source "ChessBase"]
[SourceQuality "1"]
[TimeControl "1500+10"]

1. Nf3 d5 2. g3 Nf6 3. Bg2 e6 4. O-O Be7 5. d3 O-O 6. Bf4 Nh5 7. Bd2 Nf6 8. a4 a5 9. Nc3 Nc6 10. e4 dxe4 11. dxe4 e5 {[%emt 0:00:05] Dodges Bf4} 12. h3 Bb4 13. Nb5 Bxd2 14. Qxd2 Qe7 15. Qe3 Be6 16. Rfd1 Rad8 17. Ne1 {[%emt 0:06:27] The position is equal.} Nb4 18. Qc3 c6 19. Na3 Qc7 20. Nc4 Nd7 21. Ne3 Nb6 22. b3 f6 23. Qc5 Nd7 24. Qc3 Nb6 {[%emt 0:00:02] Dodges Nd5} 25. Qc5 Nd7 26. Qc3 $1 {[%emt 0:00:02] Not much happened in this game.   Weighted Error Value: White=0.05 (flawless) /Black=0.03 (flawless) .  OK:         	White=9     	Black=13     Strong:       	White=1     	---} 1/2-1/2

[Event "Tata Steel India Women Rapid 2024"]
[Site "Kolkata"]
[Date "2024.11.14"]
[Round "4.5"]
[White "Dzagnidze, Nana"]
[Black "Vaishali, Rameshbabu"]
[Result "1-0"]
[ECO "E32"]
[WhiteElo "2518"]
[BlackElo "2490"]
[Annotator "TA"]
[PlyCount "47"]
[EventDate "2024.11.06"]
[EventType "tourn"]
[EventCountry "IND"]
[SourceTitle "playchess.com"]
[Source "ChessBase"]
[SourceQuality "1"]
[TimeControl "1500+10"]

1. d4 Nf6 2. c4 e6 3. Nc3 Bb4 4. Qc2 O-O 5. Bg5 h6 6. Bh4 c5 7. dxc5 Na6 8. a3 Bxc3+ 9. Qxc3 g5 10. Bg3 {[%emt 0:00:10] Hoping for b4. The position is equal.} Ne4 $1 11. Qd4 f5 (11... Naxc5 $5 12. b4 d5 $11) 12. Bd6 (12. f3 $5 Naxc5 13. fxe4 $14) 12... b6 $2 13. Bxf8 $18 Qxf8 14. cxb6 Nac5 {[%emt 0:00:16] [#]} (14... Nb4 $142 15. Rc1 (15. axb4 Qxb4+ 16. Kd1 Nxf2+ 17. Kc2 Bb7 $11) 15... Nc6) 15. Rd1 $1 ({Worse is} 15. bxa7 Nb3 16. Qd1 Qc5 17. Qxb3 (17. e3 $2 Qa5+ 18. Ke2 Ba6 $19) 17... Qxf2+ (17... Nxf2 $2 {perishes.} 18. Qf3 $18) 18. Kd1 Qxf1+ 19. Kc2 Qxa1 $11) 15... axb6 16. f3 Nf6 17. e3 Bb7 18. Ne2 d5 19. Nc3 {[%emt 0:00:55] White is clearly winning.} e5 20. Qxe5 Re8 21. Qxf5 Rxe3+ {[%emt 0:00:08] [#]} 22. Be2 $1 Bc8 23. Qg6+ Kh8 24. O-O {[%emt 0:00:17] Black did not feel at home in the position after the opening.   Weighted Error Value: White=0.04 (flawless) /Black=0.57.  Loses game:     	---       	Black=1      Mistake:       	---       	Black=1      Inaccurate:     	White=1     	Black=3      OK:         	White=7     	Black=5      Best:        	White=2     	---        Strong:       	White=2     	Black=1} 1-0

[Event "Tata Steel India Women Rapid 2024"]
[Site "Kolkata"]
[Date "2024.11.14"]
[Round "5.1"]
[White "Vaishali, Rameshbabu"]
[Black "Goryachkina, Aleksandra"]
[Result "0-1"]
[ECO "C67"]
[WhiteElo "2490"]
[BlackElo "2528"]
[Annotator "RC"]
[PlyCount "114"]
[EventDate "2024.11.06"]
[EventType "tourn"]
[EventCountry "IND"]
[SourceTitle "playchess.com"]
[Source "ChessBase"]
[SourceQuality "1"]
[TimeControl "1500+10"]

1. e4 e5 2. Nf3 Nc6 3. Bb5 Nf6 4. O-O Nxe4 5. Re1 Nd6 6. Nxe5 Be7 7. Bf1 Nxe5 8. Rxe5 O-O 9. d4 Bf6 10. Re1 Re8 11. c3 Rxe1 12. Qxe1 Ne8 13. a4 d5 14. a5 Be7 15. Nd2 a6 16. Nf3 Bf5 17. Bf4 Bd6 18. Qe3 Bxf4 19. Qxf4 Be4 20. Ne5 Qf6 21. Qxf6 Nxf6 22. f3 Bg6 23. Ra4 Ne8 24. Rb4 Nd6 25. Nd7 Bf5 26. Nc5 Bc8 27. b3 Kf8 28. c4 b6 29. axb6 a5 30. b7 Bxb7 31. Rxb7 Nxb7 32. Nxb7 dxc4 33. Bxc4 a4 34. bxa4 Rxa4 35. Be2 Rxd4 36. Na5 Rd2 37. Kf2 Ke7 38. Ke3 Ra2 39. Nc4 Ke6 40. Nd2 Ra3+ 41. Kd4 f5 42. f4 Kf6 43. Nc4 Ra2 44. Bf3 h6 45. Ne3 Ra4+ 46. Kc5 g5 47. Bc6 Ra5+ 48. Kb4 Ra2 49. fxg5+ hxg5 50. Bd7 Re2 51. Nxf5 Rd2 52. Bc8 Rd8 53. Bb7 Kxf5 54. Kc5 Rd2 55. h3 Kf4 56. Bf3 Kg3 57. Kc6 Rxg2 0-1